 Dungeon Crawl Stone Soup version 0.28.0-1-gb440e238dd (webtiles) character file.

Game seed: 3115119572436857467

32 fknight the Cudgeller (level 3, -8/33 HPs)
             Began as a Hill Orc Monk on Feb 21, 2022.
             Mangled by an iguana (10 damage)
             ... on level 3 of the Dungeon.
             The game lasted 00:07:32 (1964 turns).

fknight the Cudgeller (Hill Orc Monk)               Turns: 1964, Time: 00:07:33

Health: -8/33      AC:  4    Str: 15    XL:     3   Next: 25%
Magic:  3/3        EV: 12    Int: 10    God:
Gold:   44         SH:  0    Dex: 13    Spells: 1/2 levels left

rFire   . . .      SeeInvis .   k - +2 dagger (holy)
rCold   . . .      Faith    .   (no shield)
rNeg    . . .      Spirit   .   d - +0 leather armour
rPois   .          Reflect  .   (no helmet)
rElec   .          Harm     .   f - +0 cloak
rCorr   .          Rampage  .   (no gloves)
Will    .....                   (no boots)
Stlth   ++........              (no amulet)
HPRegen 0.11/turn               (no ring)
MPRegen 0.08/turn               (no ring)

@: no status effects
A: no striking features
a: no special abilities


You were on level 3 of the Dungeon.
You visited 1 branch of the dungeon, and saw 3 of its levels.

You collected 44 gold pieces.

Inventory:

Hand Weapons
 a - a +0 mace
 c - a +0 whip
 k - a +2 dagger of holy wrath (weapon)
 m - a +0 hunting sling
Missiles
 e - 87 stones (quivered)
 g - 24 sling bullets
 i - 13 bolts
 j - 6 boomerangs
 l - 2 poisoned darts
Armour
 b - a +0 robe
 d - a +0 leather armour (worn)
 f - a +0 cloak (worn)


   Skills:
 + Level 3.8 Fighting
 + Level 4.0 Maces & Flails
 + Level 0.2 Throwing
 + Level 0.6 Armour
 + Level 2.6 Dodging
 + Level 1.6 Stealth


You had one spell level left.
You knew the following spells:

 Your Spells              Type           Power      Damage    Failure   Level
a - Magic Dart            Conj           0%         1d3       43%         1

Your spell library contained the following spells:

 Spells                   Type           Power      Damage    Failure   Level
 Call Imp                 Summ           0%         N/A       56%         2
 Ensorcelled Hibernation  Hex/Ice        0%         N/A       56%         2
 Mephitic Cloud           Conj/Pois/Air  0%         N/A       80%         3
 Spider Form              Tmut/Pois      0%         N/A       80%         3
 Anguish                  Hex/Necr       0%         N/A       99%         4


Dungeon Overview and Level Annotations

Branches:
Dungeon (3/15)

Altars:
Nemelex Xobeh


Message History

You closely miss the iguana. The iguana bites you!
You hit the iguana.
The iguana is lightly wounded.
The iguana barely misses you.
You hit the iguana but do no damage.
The iguana is lightly wounded.
The iguana bites you.
You hit the iguana but do no damage.
The iguana is lightly wounded.
The iguana bites you!
* * * LOW HITPOINT WARNING * * *
You feel better. The iguana barely misses you.
You hit the iguana but do no damage.
The iguana is lightly wounded.
The iguana bites you!
* * * LOW HITPOINT WARNING * * *
You feel better. The iguana closely misses you.
You hit the iguana.
The iguana is lightly wounded.
The iguana bites you!
* * * LOW HITPOINT WARNING * * *
You feel better.
The iguana bites you but does no damage.
You hit the iguana.
The iguana is moderately wounded.
The iguana bites you!
* * * LOW HITPOINT WARNING * * *
You hit the iguana.
The iguana is heavily wounded.
The iguana bites you but does no damage.
You hit the iguana.
The iguana is severely wounded.
The iguana barely misses you.
You hit the iguana. You punch the iguana, but do no damage.
The iguana is severely wounded.
The iguana misses you.
You closely miss the iguana.
The iguana is severely wounded.
The iguana bites you!
You die...

# . ##. ..
####..#####.#
#.....l.....#
#...@....#
#.(..)...#
#.......##
...........
##.<........#
..........###
..####.#####
## ..


You could see an iguana.

Vanquished Creatures
  An endoplasm (D:2)
  2 giant cockroaches
  3 goblins
  3 hobgoblins (D:1)
  3 jackals (D:1)
  A quokka (D:1)
  4 ball pythons
  2 bats
  3 frilled lizards
  4 kobolds
  3 rats (D:1)
29 creatures vanquished.

Notes
Turn   | Place    | Note
-------+----------+-------------------------------------------
     0 | D:1      | fknight the Hill Orc Monk began the quest for the Orb.
     0 | D:1      | Reached XP level 1. HP: 19/19 MP: 1/1
   172 | D:1      | Reached XP level 2. HP: 8/27 MP: 2/2
  1109 | D:1      | Found a faded altar of an unknown god.
  1212 | D:2      | Found a sparkling altar of Nemelex Xobeh.
  1245 | D:2      | Reached XP level 3. HP: 28/33 MP: 3/3
  1458 | D:2      | Learned a level 1 spell: Magic Dart
  1542 | D:2      | Reached skill level 4 in Maces & Flails
  1964 | D:3      | Mangled by an iguana

Illustrated notes

Levels and vault maps discovered:
D:1:      minmay_arrival_doors, layout_basic,
          shapermc_ecumenical_altar_hornbeckon
D:2:      layout_basic, basic_altar
D:3:      layout_rooms, lemuel_another_geyser, uniq_robin, uniq_pargi,
          uniq_natasha

Skill      XL: |  1  2  3 |
---------------+----------+-----
Maces & Flails | 4 |  4.0
Fighting       | |  3.8
Throwing       | |  0.2
Armour         | |  0.6
Dodging        | |  2.6
Stealth        | |  1.6

Action                   || total
-------------------------++-------
Melee: Mace              ||    84
       Dagger            ||    17
       Punch             ||     1
Throw: Stone             ||    22
  Use: Potion            ||     4
       Scroll            ||     3
 Stab: Sleeping          ||     1
Armor: Robe              ||     7
       Leather armour    ||    19
Dodge: Dodged            ||    60
